 Dungeon Crawl Stone Soup version 0.31-a0-1082-g7d1fb776a8 (webtiles) character file.

Game seed: 16918765504299079104

14019 Turgor the Mimic (level 11, -17/142 HPs)
             Began as a Purple Draconian Shapeshifter on Nov 27, 2023.
             Was a Priest of Wu Jian.
             Demolished by a skeletal warrior
             ... wielding a +0 halberd
              (20 damage)
             ... on level 11 of the Dungeon.
             The game lasted 00:57:50 (10115 turns).

Turgor the Mimic (Purple Draconian Shapeshifter)   Turns: 10115, Time: 00:57:51

Health: -17/142    AC: 10    Str: 17    XL:     11   Next: 83%
Magic:  11/11      EV: 15    Int: 12    God:    Wu Jian [***...]
Gold:   514        SH:  0    Dex: 13    Spells: 10/10 levels left

rFire   . .          .
                       - Unarmed
rCold   . . .        (no shield)
rNeg    . . .        (body armour unavailable)
rPois   +            x - +2 hood of the Assassin {Detect Stab+ Stlth++}
rElec   .            (no cloak)
rCorr   .            (no gloves)
SInv    .            A - +0 pair of boots
Will    +....        k - amulet of regeneration Stlth
                     e - ring of poison resistance
HPRegen 1.23/turn    (no ring)
MPRegen 0.12/turn

%: no passive effects
@: berserking, short of breath, maw-form, very quick
A: devouring maw, breathe power, AC +7, unfitting armour, cold-blooded
a: Breathe Dispelling Energy, Begin Untransformation, Renounce Religion, Wall
Jump, Serpent's Lash


You were on level 11 of the Dungeon.
You worshipped Wu Jian.
Wu Jian was most pleased with you.
You were a creature with a mouth for a stomach.
You visited 2 branches of the dungeon, and saw 12 of its levels.
You also visited: Sewer.

You collected 514 gold pieces.

Inventory:

Hand Weapons
 L - a +1 demon whip of venom
Missiles
 a - 6 silver javelins
 i - 39 poisoned darts
 u - 8 javelins (quivered)
Armour
 x - the +2 hood of the Assassin (worn) {Detect Stab+ Stlth++}
   (You found it on level 5 of the Dungeon)

   Detect:    It allows the wearer to sense nearby creatures.
   Stab+:     It allows the wearer to make particularly effective stabbing
   attacks against helpless or unaware enemies with any weapon.
   Stlth++:   It makes you much more stealthy.
 A - a +0 pair of boots (worn)
Magical Staves
 y - a staff of air
 z - a staff of fire
Jewellery
 e - a ring of poison resistance (left hand)
 k - an amulet of regeneration (around neck)
 D - an amulet of magic regeneration
Talismans
 b - a beast talisman
 c - a flux talisman
 H - a serpent talisman
 Q - a maw talisman (active)
Wands
 w - a wand of flame (18)
 B - a wand of iceblast (10)
 K - a wand of quicksilver (5)
Scrolls
 d - 2 scrolls of teleportation
 f - 4 scrolls of fog {unknown}
 h - 3 scrolls of vulnerability
 l - 2 scrolls of blinking
 n - a scroll of silence
 o - a scroll of enchant armour {unknown}
 p - 2 scrolls of fear {unknown}
 q - 2 scrolls of summoning {unknown}
 r - 2 scrolls of amnesia {unknown}
 s - a scroll of revelation {unknown}
 C - a scroll of identify
 G - a scroll of noise {unknown}
 I - a scroll of enchant weapon {unknown}
 J - a scroll of poison {unknown}
Potions
 g - a potion of brilliance
 j - a potion of heal wounds
 m - 4 potions of curing
 t - 4 potions of mutation
 v - a potion of haste
 E - 2 potions of ambrosia
 F - 4 potions of attraction
 M - a potion of might
 O - a potion of invisibility
 P - a potion of resistance {unknown}


   Skills:
 + Level 8.9 Fighting
 + Level 7.7 Dodging
 - Level 6.0 Stealth
 + Level 8.7 Unarmed Combat
 * Level 11.3 Shapeshifting


You had 10 spell levels left.
You didn't know any spells.
Your spell library contained the following spells:

 Spells                   Type           Power      Damage    Failure   Level
 Freeze                   Ice            0%         1d3       32%         1
 Magic Dart               Conj           0%         1d3       32%         1
 Necrotise                Necr           0%         1d4       32%         1
 Sandblast                Erth           0%         2d4       32%         1
 Cigotuvi's Dreadful Rot  Necr/Pois/Air  0%         N/A       45%         2
 Lesser Beckoning         Tloc           0%         N/A       45%         2
 Passwall                 Tmut/Erth      0%         N/A       45%         2
 Searing Ray              Conj           0%         2d4       45%         2
 Frozen Ramparts          Ice            0%         1d1       69%         3
 Gell's Gravitas          Tloc           0%         N/A       69%         3
 Hailstorm                Conj/Ice       0%         3d3       69%         3
 Ignite Poison            Fire/Tmut/Pois 0%         N/A       69%         3
 Inner Flame              Hex/Fire       0%         N/A       69%         3
 Stone Arrow              Conj/Erth      0%         3d7       69%         3
 Teleport Other           Tloc           0%         N/A       69%         3
 Vampiric Draining        Necr           0%         2d6       69%         3
 Volatile Blastmotes      Fire/Tloc      0%         2d10      69%         3
 Brom's Barrelling Bould  Conj/Erth      0%         2d3       97%         4
 Dispel Undead            Necr           0%         3d6       97%         4
 Fulminant Prism          Conj/Hex       0%         3d5       97%         4
 Iskenderun's Mystic Bla  Conj/Tloc      0%         2d3       97%         4
 Petrify                  Tmut/Erth      0%         N/A       97%         4
 Agony                    Necr           0%         N/A       100%        5
 Freezing Cloud           Conj/Ice/Air   0%         6-21      100%        5
 Metabolic Englaciation   Hex/Ice        0%         N/A       100%        5
 Yara's Violent Unravell  Hex/Tmut       0%         3d3       100%        5
 Death Channel            Necr           0%         N/A       100%        6
 Enfeeble                 Hex            0%         N/A       100%        7
 Lehudib's Crystal Spear  Conj/Erth      0%         10d2      100%        8
 Animate Armour           Summ/Erth      Unusable   N/A       N/A         4

Dungeon Overview and Level Annotations

Branches:
Dungeon (11/15)            Temple (1/1) D:6            Lair (0/5) D:10
    Orc (0/2) D:11          Sewer (visited)

Altars:
Ashenzari
Cheibriados
Dithmenos
Elyvilon
Fedhas
Gozag
Hepliaklqana
Kikubaaqudgha
Makhleb
Nemelex Xobeh
Okawaru
Qazlal
Ru
Sif Muna
Trog
Uskayaw
Vehumet
Wu Jian
Xom
Yredelemnul
Zin
The Shining One

Annotations:
D:9 3 runed translucent doors, ILmort's ghost, novice GrFE


Innate Abilities, Weirdness & Mutations

You are a creature with a mouth for a stomach.
Your midsection houses a second, enormous mouth.
You can breathe bolts of dispelling energy.
Your rich purple scales are hard. (AC +7)
You cannot fit into any form of body armour.
You are cold-blooded and may be slowed by cold attacks.


Message History

You tail-slap the skeletal warrior, but do no damage.
You bite the skeletal warrior, but do no damage.
The skeletal warrior is moderately damaged.
The skeletal warrior hits you with a +0 halberd!
You hit the skeletal warrior.
Your tail-slap misses the skeletal warrior.
Your bite misses the skeletal warrior.
The skeletal warrior is moderately damaged.
You hit the skeletal warrior. Your bite misses the skeletal warrior.
The skeletal warrior is moderately damaged.
The skeletal warrior hits you with a +0 halberd!
You hit the skeletal warrior but do no damage.
Your punch misses the skeletal warrior. You bite the skeletal warrior!
The skeletal warrior is heavily damaged.
The skeletal warrior hits you with a +0 halberd!!
* * * LOW HITPOINT WARNING * * *
You hit the skeletal warrior but do no damage.
You tail-slap the skeletal warrior, but do no damage.
You punch the skeletal warrior, but do no damage.
The skeletal warrior is heavily damaged.
The skeletal warrior barely misses you.
You barely miss the skeletal warrior.
Your tail-slap misses the skeletal warrior.
The skeletal warrior is heavily damaged.
The skeletal warrior hits you with a +0 halberd!!
* * * LOW HITPOINT WARNING * * *
You hit the skeletal warrior. Your bite misses the skeletal warrior.
The skeletal warrior is heavily damaged.
Unknown command.
You feel much better.
The skeletal warrior hits you with a +0 halberd!
* * * LOW HITPOINT WARNING * * *
A red film seems to cover your vision as you go berserk!
You feel yourself moving faster!
You feel mighty!
The skeletal warrior hits you with a +0 halberd!!
* * * LOW HITPOINT WARNING * * *
You closely miss the skeletal warrior. Your bite misses the skeletal warrior.
The skeletal warrior is heavily damaged.
The skeletal warrior hits you with a +0 halberd!!
You die...

#......# #......... ##.#
#......###.........
#...##.......##.........
#....#..................
.............##..##....
#.<..#....###....###..
#...###...##..........
#....##..............#
#....Wz..........[...#
##....................
##....................
#....#......>.#.......
#...###.......###.....
#...#..........####...
##..............# ##..
###..#####.###..## ##..
#....# ### #### ##...


You could see a skeletal warrior.

Vanquished Creatures
  A hydra (D:10)
  The ghost of Samael12321 the Martial Artist, a journeyman GnSh of Ashenzari (D:10)
  2 two-headed ogres
  Amaemon (D:9)
  An orc knight (D:10)
  Pikel (D:8)
  A deep elf pyromancer (D:10)
  An orange demon (D:9)
  A komodo dragon (D:10)
  A troll (D:10)
  2 hornets
  Grinder (D:5)
  9 yaks (D:10)
  2 wraiths (D:10)
  3 steam dragons
  2 vampire mosquitoes
  Edmund (D:4)
  An acid dragon (D:10)
  2 water moccasins
  A black bear (shapeshifter) (D:10)
  3 orc warriors
  Duvessa (D:4)
  3 black bears (D:10)
  2 ice beasts (D:7)
  A sky beast (D:7)
  2 ogres
  A centaur (D:9)
  4 kobold brigands
  6 bullfrogs
  A phantom (D:6)
  A gnoll sergeant (D:6)
  7 scorpions
  18 wights
  29 killer bees
  Dowan (D:4)
  A hound (D:4)
  4 orc priests
  A gnoll bouda (D:5)
  2 sleepcaps (D:6)
  2 iguanas
  Ijyb (D:5)
  6 orc wizards
  Robin (D:2)
  14 gnolls
  16 adders
  2 river rats (Sewer)
  2 white imps (D:5)
  4 ufetubi (D:5)
  A dart slug (D:1)
  4 worms
  32 orcs
  15 ball pythons
  15 endoplasms
  4 giant cockroaches
  11 goblins
  8 hobgoblins
  2 quokkas
  7 bats
  10 frilled lizards
  17 kobolds
  20 rats
317 creatures vanquished.

Vanquished Creatures (collateral kills)
  2 killer bees (D:10)
2 creatures vanquished.

Vanquished Creatures (others)
  2 killer bees (D:10)
  2 kobolds
4 creatures vanquished.

Grand Total: 323 creatures vanquished

Notes
Turn   | Place    | Note
-------+----------+-------------------------------------------
     0 | D:1      | Turgor the Draconian Shapeshifter began the quest for the
                  | Orb.
     0 | D:1      | Reached XP level 1. HP: 16/16 MP: 1/1
   110 | D:1      | Found a faded altar of an unknown god.
   137 | D:1      | Reached XP level 2. HP: 23/23 MP: 2/2
   921 | D:2      | Reached XP level 3. HP: 29/29 MP: 3/3
  1175 | D:2      | Found a snail-covered altar of Cheibriados.
  1185 | D:2      | Noticed Robin
  1196 | D:2      | Killed Robin
  1369 | D:2      | Reached XP level 4. HP: 36/36 MP: 4/4
  1844 | D:3      | Reached skill level 4 in Shapeshifting
  1974 | D:3      | Found a glowing drain.
  1979 | Sewer    | Entered a sewer
  2001 | Sewer    | Reached XP level 5. HP: 42/42 MP: 5/5
  2364 | Sewer    | Reached XP level 6. HP: 43/51 MP: 6/6
  2678 | D:3      | Reached skill level 5 in Shapeshifting
  3363 | D:4      | Noticed Dowan
  3364 | D:4      | Noticed Duvessa
  3431 | D:4      | Noticed Edmund
  3716 | D:4      | Found a hide-covered altar of Uskayaw.
  3749 | D:4      | Found a white marble altar of Elyvilon.
  3821 | D:3      | Your scales start taking on a rich purple colour.
  3821 | D:3      | Reached XP level 7. HP: 48/57 MP: 7/7
  3860 | D:4      | Killed Duvessa
  3877 | D:4      | Killed Dowan
  4171 | D:4      | Killed Edmund
  4278 | D:5      | Entered Level 5 of the Dungeon
  4343 | D:5      | Noticed Ijyb
  4368 | D:5      | Killed Ijyb
  4392 | D:5      | Reached skill level 6 in Shapeshifting
  4409 | D:5      | Found the +2 hood of the Assassin {Detect Stab+ Stlth++}
  4491 | D:5      | Reached skill level 5 in Unarmed Combat
  4624 | D:5      | Reached XP level 8. HP: 65/67 MP: 8/8
  4869 | D:5      | Noticed Grinder
  4886 | D:5      | Killed Grinder
  4887 | D:5      | Reached skill level 7 in Shapeshifting
  5392 | D:5      | Reached skill level 8 in Shapeshifting
  5501 | D:6      | Found a stormy altar of Qazlal.
  5828 | D:6      | Found a staircase to the Ecumenical Temple.
  5856 | D:6      | Reached skill level 9 in Shapeshifting
  5902 | Temple   | Entered the Ecumenical Temple
  5921 | Temple   | Became a worshipper of the Wu Jian Council
  6283 | D:7      | Reached skill level 1 in Stealth
  6283 | D:7      | Reached XP level 9. HP: 72/72 MP: 9/9
  6505 | D:7      | Reached skill level 5 in Stealth
  7124 | D:8      | Reached skill level 5 in Fighting
  7128 | D:8      | Reached * piety under Wu Jian
  7135 | D:8      | Noticed Pikel
  7142 | D:8      | Killed Pikel
  7143 | D:8      | Reached XP level 10. HP: 63/81 MP: 10/10
  7208 | D:8      | Reached skill level 5 in Dodging
  7385 | D:8      | Found a sacrificial altar of Ru.
  7444 | D:8      | Found a sparkling altar of Nemelex Xobeh.
  7710 | D:9      | Noticed a two-headed ogre
  7716 | D:9      | Killed a two-headed ogre
  8094 | D:9      | Reached skill level 10 in Shapeshifting
  8237 | D:9      | Found a bloodstained altar of Trog.
  8241 | D:9      | Found a shimmering blue altar of Sif Muna.
  8357 | D:9      | Found a runed translucent gate.
  8357 | D:9      | Found a runed translucent gate.
  8357 | D:9      | Found a runed translucent gate.
  8363 | D:9      | Noticed ILmort's ghost (novice GrFE)
  8366 | D:9      | Noticed Amaemon
  8366 | D:9      | Noticed an orange demon
  8404 | D:9      | Killed an orange demon
  8474 | D:9      | Noticed a nine-headed hydra
  8480 | D:9      | Killed Amaemon
  8480 | D:9      | Reached ** piety under Wu Jian
  8624 | D:9      | Found a basalt altar of Yredelemnul.
  8624 | D:9      | Found an iron altar of Okawaru.
  8738 | D:10     | Entered Level 10 of the Dungeon
  8828 | D:10     | Reached XP level 11. HP: 84/92 MP: 11/11
  8835 | D:10     | Found a staircase to the Lair.
  9026 | D:10     | Noticed an orc knight
  9046 | D:10     | Killed an orc knight
  9156 | D:10     | Noticed a deep elf pyromancer
  9158 | D:10     | Killed a deep elf pyromancer
  9328 | D:10     | Noticed a seven-headed hydra
  9334 | D:10     | Killed a seven-headed hydra
  9465 | D:10     | Noticed a two-headed ogre
  9471 | D:10     | Killed a two-headed ogre
  9508 | D:10     | Found a runed translucent gate.
  9508 | D:10     | Found a runed translucent gate.
  9508 | D:10     | Found a runed translucent gate.
  9516 | D:10     | Noticed Samael12321's ghost (journeyman GnSh)
  9534 | D:10     | Killed Samael12321's ghost
  9535 | D:10     | Reached skill level 11 in Shapeshifting
  9915 | D:11     | Reached *** piety under Wu Jian
  9971 | D:11     | Noticed a skeletal warrior
  9974 | D:11     | Found a staircase to the Orcish Mines.
  9981 | D:11     | Noticed a skeletal warrior
  9986 | D:11     | Noticed a brown ugly thing
  9986 | D:11     | Noticed a skeletal warrior
  9986 | D:11     | Noticed a skeletal warrior
 10077 | D:11     | Noticed a skeletal warrior
 10111 | D:11     | HP: 3/95 [skeletal warrior/+0 halberd (27)]
 10115 | D:11     | Demolished by a skeletal warrior

Illustrated notes

Levels and vault maps discovered:
D:1:      heliophobic_arrival_ceremonial_halls, layout_basic,
          shapermc_ecumenical_altar_mp_ritualfount
D:2:      layout_basic, basic_altar, grunt_ministairs_15, uniq_robin
D:3:      layout_basic, mainiacjoe_sewer_entry_somewhere_in_here_2, st_stairs_1
D:4:      layout_loops_ring, mainiacjoe_overflow_two_lobes, uniq_duvessa,
          uniq_edmund
D:5:      layout_basic, uniq_ijyb, uniq_grinder
D:6:      layout_basic, nicolae_qazlal_general_emergency,
          minmay_temple_entry_tees, serial_rivers,
          chequers_serial_rivers_micro_d, chequers_serial_rivers_small_a,
          chequers_serial_rivers_micro_c, chequers_serial_rivers_marsh,
          chequers_serial_rivers_room_a, nicolae_houndstooth_variations
D:7:      layout_gridville
D:8:      layout_rooms, mainiacjoe_overflow_boulevard,
          mainiacjoe_overflow_24_doors, uniq_pikel
D:9:      layout_basic, hellmonk_overflow_destroyed_library,
          gammafunk_temple_overflow_wave, gammafunk_ghost_hydra_chop,
          uniq_amaemon
D:10:     layout_loops_ring, due_lair_maze_entry_diamond,
          gammafunk_ghost_spectres, kb_rosetta
D:11:     layout_cave_pools, orc_0_dummy
Temple:   compressed_dpeg_triangle_lava_temple

Skill      XL: |  1  2  3  4  5  6  7  8  9 10 11 |
---------------+----------------------------------+-----
Dodging        | 2 3 4 6 7 |  7.7
Fighting       | 2 3 4 5 7 8 |  8.9
Shapeshifting  | 4 5 6 9 10 11 | 11.3
Unarmed Combat | 4 5 7 8 |  8.7
Stealth        | 1 6 |  6.0

Action                     |  1- 3 |  4- 6 |  7- 9 | 10-12 || total
---------------------------+-------+-------+-------+-------++-------
  Melee: Unarmed           |    84 |   284 |   419 |   417 ||  1204
         Tailslap          |     8 |    30 |    88 |    63 ||   189
         Punch             |     1 |    11 |     3 |     4 ||    19
         Maw               |       |       |       |    29 ||    29
         Constrict         |       |       |       |    10 ||    10
  Throw: Dart              |       |     6 |     9 |       ||    15
         Javelin           |       |       |     2 |       ||     2
Ability: Breathe Dispellin |       |       |    11 |     7 ||    18
         Lunge             |       |       |    15 |    31 ||    46
         Whirlwind         |       |       |       |    22 ||    22
         Wall Jump         |       |       |       |     5 ||     5
  Evoke: Wand              |       |       |     2 |    14 ||    16
    Use: Potion            |     1 |       |     2 |     3 ||     6
         Scroll            |       |     8 |     2 |     6 ||    16
   Stab: Sleeping          |     2 |     1 |     3 |     7 ||    13
         Distracted        |     1 |       |       |     1 ||     2
         Invisible         |       |       |       |     1 ||     1
 Armour: Skin              |    29 |   141 |   208 |   315 ||   693
  Dodge: Dodged            |    36 |   180 |   209 |   306 ||   731
   Form: Flux              |       |       |     1 |       ||     1
         Anaconda          |       |       |       |     1 ||     1
         Maw               |       |       |       |     1 ||     1

Table legend: (Time is in decaauts)
 A = Elapsed time spent in this place.
 B = Non-inter-level travel time spent in this place.
 C = Inter-level travel time spent in this place.
 D = Time resting spent in this place.
 E = Time spent auto-exploring this place.
 F = Levels seen in this place.
 G = Mean time per level.
                   A        B        C        D        E       F      G
               +--------+--------+--------+--------+--------+-----+--------+
         Total |  10150 |   9459 |    691 |    377 |   5194 |  13 |  780.8 |
       Dungeon |   9501 |   8825 |    676 |    355 |   5024 |  11 |  863.7 |
        Temple |     35 |     20 |     15 |      0 |      0 |   1 |   35.0 |
         Sewer |    613 |    613 |      0 |     22 |    170 |   1 |  613.0 |
               +--------+--------+--------+--------+--------+-----+--------+

Top non-repeatable levels by time:
     D:3: 1255 daAuts
    D:10: 1142 daAuts
     D:5: 1029 daAuts
     D:4: 948 daAuts
     D:9: 941 daAuts
     D:6: 907 daAuts
     D:1: 881 daAuts
     D:7: 775 daAuts
     D:8: 733 daAuts
     D:2: 666 daAuts
   Sewer: 613 daAuts
    D:11: 220 daAuts
  Temple: 35 daAuts
